AoeStats
← Chuckles

Arabian Desert

509334292Analyzed
1v1 RM · 7d ago on Sep 26, 2026· 38m 24s· 2 players
Game mode
Random Map
Map size
Tiny (2 player)
Population
200
Speed
Normal
Resources
Standard
Victory
Conquest
Starting age
Dark Age
Ending age
Imperial Age
RankedLock teamsTeams togetherTeam positionsShared explorationLock speedFull tech treeHidden civsTurbo modeCheats
Victory
Defeat
🇧🇷 Sicilians · Brazil
780
+16
🇺🇸 Koreans · United States
782
-37
mazzardo
7:24 Loom
11:27 Feudal Age
12:11 Stone Mining
12:22 Double-Bit Axe
19:10 Scale Mail Armor
19:01 Fletching
19:15 Scale Mail Armor
22:23 Castle Age
21:55 Forging
22:48 Arson
23:12 Squires
28:22 Bow Saw
30:35 Bodkin Arrow
32:54 Wheelbarrow
34:10 Gold Mining
34:12 Horse Collar
35:29 Heavy Plow
35:47 Chain Mail Armor
37:05 Husbandry
37:16 Bloodlines
37:10 Padded Archer Armor
37:46 Iron Casting
38:19 Stone Shaft Mining
Chuckles
11:34 Feudal Age
22:50 Castle Age
26:56 Loom
27:41 Treadmill Crane
Connection lost

Rejoining the realm…

Still unreachable

The connection could not be restored.

Session expired

The server has moved on; the page needs a fresh start.